 Dungeon Crawl Stone Soup version 0.30-a0-570-g486de37d69 (webtiles) character file.

Game seed: 8149730367839947882

199 funkygono the Firebug (level 5, -2/35 HPs)
             Began as a Demonspawn Fire Elementalist on Dec 29, 2022.
             Slain by a lemure (6 damage)
             ... led by Pikel
             ... on level 4 of the Dungeon.
             The game lasted 00:06:50 (4417 turns).

funkygono the Firebug (DsFE)                        Turns: 4417, Time: 00:06:51

Health: -2/35      AC:  2    Str:  8    XL:     5   Next: 48%
Magic:  10/10      EV: 12    Int: 19    God:
Gold:   185        SH:  9    Dex: 13    Spells: 1/11 levels left

rFire   . . .      SeeInvis .    e - +2 dagger (vamp)
rCold   . . .      Faith    .    (no shield)
rNeg    . . .      Spirit   .    a - +0 robe
rPois   .          Reflect  +    (no helmet)
rElec   .          Harm     .    (no cloak)
rCorr   .          Rampage  .    (no gloves)
Will    .....                    (no boots)
Stlth   ++                       t - amulet of reflection
HPRegen 0.25/turn                (no ring)
MPRegen 0.12/turn                (no ring)

@: lethally poisoned (-2 -> -8), attractive
A: hooves 2, sturdy frame 1, condensation shield
a: no special abilities


You were on level 4 of the Dungeon.
You visited 1 branch of the dungeon, and saw 4 of its levels.

You collected 185 gold pieces.

Inventory:

Hand Weapons
 c - a +0 dagger
 e - a +2 vampiric dagger (weapon)
 g - a +0 club
 o - a +0 flail
Armour
 a - a +0 robe (worn)
 l - a +0 chain mail
 u - a +0 ring mail
Magical Staves
 n - a staff of poison
Jewellery
 t - an amulet of reflection (around neck)
Scrolls
 f - 3 scrolls of identify {unknown}
 h - a scroll of enchant armour {unknown}
 j - a scroll of torment {unknown}
 p - 2 scrolls of teleportation {unknown}
 q - a scroll of noise {unknown}
 v - a scroll of silence {unknown}
 x - a scroll of fear {unknown}
 y - a scroll of blinking {unknown}
Potions
 b - a potion of magic
 d - a potion of attraction
 i - 2 potions of curing
 k - 2 potions of berserk rage {unknown}
 m - 2 potions of resistance {unknown}
 r - a potion of heal wounds {unknown}
 s - a potion of mutation {unknown}
 w - a potion of haste {unknown}
 z - a potion of lignification {unknown}


   Skills:
 + Level 0.1 Fighting
 + Level 0.1 Short Blades
 + Level 2.5 Dodging
 - Level 1.7 Stealth
 + Level 3.8 Spellcasting
 + Level 1.7 Conjurations
 + Level 3.8 Fire Magic


You had one spell level left.
You knew the following spells:

 Your Spells              Type           Power      Damage    Failure   Level
a - Foxfire               Conj/Fire      56%        2x1d6     4%          1
b - Scorch                Fire           36%        2d6       4%          2
c - Kindle Blastsparks    Fire/Tloc/Air  16%        2d11      26%         3
d - Flame Wave            Conj/Fire      14%        2d6       41%         4

Your spell library contained the following spells:

 Spells                   Type           Power      Damage    Failure   Level
 Inner Flame              Hex/Fire       10%        N/A       19%         3


Dungeon Overview and Level Annotations

Branches:
Dungeon (4/15)
 Temple: D:4-7

Altars:

Annotations:
D:4 Pikel


Innate Abilities, Weirdness & Mutations

You have hoof-like feet.
Your movements are slightly less encumbered by armour. (ER -2)
A meltable shield of frost defends you. (SH +4)


Message History

Unknown command.
The foxfire hits the lemure.
The lemure is lightly wounded.
The foxfire hits the lemure.
The lemure is lightly wounded.
The foxfire hits the lemure.
The lemure is lightly wounded.
The lemure attacks as you move away! You block the lemure's attack.
The lemure hits you.
A lemure comes into view.
The lemure attacks as you move away! The lemure barely misses you.
A scorpion comes into view.
The lemure shouts!
A lemure comes into view.
The lemure attacks as you move away! You block the lemure's attack.
The lemure shouts!
Pikel says, "Don't tell anyone, but I think Ereshkigal likes me."
The scorpion stings you! The scorpion barely misses you.
The scorpion attacks as you move away! You block the scorpion's attack.
The scorpion attacks as you move away! The scorpion stings you.
Pikel says, "You'll make a fine lemure."
The scorpion stings you.
You are poisoned.
The scorpion poisons you! The lemure attacks as you move away!
The lemure closely misses you. The scorpion attacks as you move away!
The scorpion stings you!
You are more poisoned.
The scorpion poisons you!
* * * LOW HITPOINT WARNING * * *
You feel very sick.
Okay, then.
It was a potion of curing.
You feel better. The scorpion stings you.
You are poisoned.
The scorpion poisons you! The lemure hits you!
* * * LOW HITPOINT WARNING * * *
It was a potion of attraction.
You feel attractive to monsters.
* * * LOW HITPOINT WARNING * * *
You feel sick. You block the scorpion's attack. The lemure hits you.
You die...

#...............
#...............
#....###....####
####....###....####
.......5...........
......K............
.......5...........
......5s5..........
..##.##@.##..####..
######.##..##..## ..
#...............#
#...............+
#...............#
#...............#
#......##.......#
##....[.##......#######+#
........##......#........


You could see Pikel, 4 lemures and a scorpion.

Vanquished Creatures
  A hound (D:4)
  An orc wizard (D:3)
  Natasha (thrice) (D:2)
  A gnoll (D:1)
  A worm (D:2)
  5 orcs
  4 ball pythons
  7 endoplasms
  A giant cockroach (D:3)
  4 goblins
  13 hobgoblins
  3 bats
  3 frilled lizards
  3 kobolds
  4 rats
54 creatures vanquished.

Vanquished Creatures (others)
  172 foxfires
172 creatures vanquished.

Grand Total: 226 creatures vanquished

Notes
Turn   | Place    | Note
-------+----------+-------------------------------------------
     0 | D:1      | funkygono the Demonspawn Fire Elementalist began the quest
                  | for the Orb.
     0 | D:1      | Reached XP level 1. HP: 13/13 MP: 3/3
   234 | D:1      | Gained mutation: Your movements are slightly less
                  | encumbered by armour. (ER -2) [demonic ancestry]
   234 | D:1      | Reached XP level 2. HP: 19/19 MP: 0/5
   450 | D:1      | Learned a level 2 spell: Scorch
  1536 | D:2      | Gained mutation: You have large cloven feet. [demonic
                  | ancestry]
  1536 | D:2      | Reached XP level 3. HP: 23/24 MP: 2/6
  1723 | D:2      | Noticed Natasha
  1730 | D:2      | Killed Natasha
  2142 | D:2      | Noticed Natasha
  2152 | D:2      | Found a faded altar of an unknown god.
  2290 | D:2      | Killed Natasha
  2291 | D:2      | Gained mutation: A meltable shield of frost defends you.
                  | (SH +4) [demonic ancestry]
  2291 | D:2      | Reached XP level 4. HP: 30/30 MP: 2/7
  2798 | D:2      | Noticed Natasha
  2804 | D:2      | Killed Natasha
  3106 | D:3      | Gained mutation: You have hoof-like feet. [demonic
                  | ancestry]
  3106 | D:3      | Reached XP level 5. HP: 35/35 MP: 4/10
  4155 | D:3      | Learned a level 3 spell: Kindle Blastsparks
  4160 | D:3      | Learned a level 4 spell: Flame Wave
  4394 | D:4      | Noticed a lemure
  4394 | D:4      | Noticed a lemure
  4394 | D:4      | Noticed Pikel
  4402 | D:4      | Noticed a lemure
  4405 | D:4      | Noticed a lemure
  4417 | D:4      | Slain by a lemure

Illustrated notes

Levels and vault maps discovered:
D:1:      lightli_arrival_maybe_door_vault, layout_basic
D:2:      layout_basic, shapermc_ecumenical_altar_mp_vishouse, uniq_natasha
D:3:      layout_basic
D:4:      layout_gridville, ebering_ghost_rock_garden, uniq_pikel

Skill      XL: |  1  2  3  4 |
---------------+-------------+-----
Fire Magic     | 3 |  3.8
Dodging        | 2 |  2.5
Spellcasting   | 3 |  3.8
Fighting       | |  0.1
Short Blades   | |  0.1
Stealth        | |  1.7
Conjurations   | |  1.7

Action                   |  1- 3 |  4- 6 || total
-------------------------+-------+-------++-------
Melee: Dagger            |     2 |     4 ||     6
       Kick              |       |     1 ||     1
 Cast: Foxfire           |    44 |    58 ||   102
       Scorch            |     5 |     6 ||    11
  Use: Potion            |       |     2 ||     2
Armor: Robe              |     1 |     2 ||     3
Dodge: Dodged            |    17 |     8 ||    25
Block: Other             |       |    11 ||    11

Table legend: (Time is in decaauts)
 A = Elapsed time spent in this place.
 B = Non-inter-level travel time spent in this place.
 C = Inter-level travel time spent in this place.
 D = Time resting spent in this place.
 E = Time spent auto-exploring this place.
 F = Levels seen in this place.
 G = Mean time per level.
                   A        B        C        D        E       F      G
               +--------+--------+--------+--------+--------+-----+--------+
         Total |   4414 |   4065 |    349 |     20 |   3193 |   4 | 1103.5 |
       Dungeon |   4414 |   4065 |    349 |     20 |   3193 |   4 | 1103.5 |
               +--------+--------+--------+--------+--------+-----+--------+

Top non-repeatable levels by time:
     D:1: 1460 daAuts
     D:2: 1446 daAuts
     D:3: 1259 daAuts
     D:4: 247 daAuts
